 Dungeon Crawl Stone Soup version 0.31.0-11-ge490571c62 (webtiles) character file.

Game seed: 673387252045045889

1967 PaiMei the Purveyor of Pain (level 9, 0/65 HPs)
             Began as a Demonspawn Necromancer on Jan 31, 2024.
             Was an Initiate of Kikubaaqudgha.
             Slain by an acid dragon (5 damage)
             ... on level 8 of the Dungeon.
             The game lasted 00:09:58 (6485 turns).

PaiMei the Purveyor of Pain (DsNe)                  Turns: 6485, Time: 00:09:58

Health: 0/65       AC:  4    Str:  8    XL:     9   Next: 0%
Magic:  16/17      EV: 14    Int: 20    God:    Kikubaaqudgha [......]
Gold:   430        SH:  0    Dex: 14    Spells: 11/19 levels left

rFire   . . .        o - +2 spear (venom)
rCold   . . .        (no shield)
rNeg    . . .        a - +0 robe
rPois   .            (helmet restricted)
rElec   .            (no cloak)
rCorr   .            (no gloves)
SInv    .            y - +1 pair of boots
Will    .....        (no amulet)
Stlth   +++          (no ring)
HPRegen 0.30/turn    (no ring)
MPRegen 0.30/turn

%: no passive effects
@: no status effects
A: hooves 1, horns 1, magic regeneration, condensation shield, demonic touch 1
a: Renounce Religion


You were on level 8 of the Dungeon.
You worshipped Kikubaaqudgha.
Kikubaaqudgha was noncommittal.
You visited 2 branches of the dungeon, and saw 8 of its levels.

You collected 430 gold pieces.

Inventory:

Hand Weapons
 d - a +0 mace
 o - a +2 spear of venom (weapon)
 B - a +1 dagger of flaming
Missiles
 t - 4 atropa-tipped darts (quivered)
Armour
 a - a +0 robe (worn)
 r - a +0 helmet
 w - a +0 buckler
 y - a +1 pair of boots (worn)
Jewellery
 n - a ring of magical power
 s - a ring of protection from fire
 v - a ring of protection from fire
 x - a ring of flight
 z - an amulet of magic regeneration
Wands
 u - a wand of flame (23)
Scrolls
 c - 4 scrolls of teleportation {unknown}
 g - 6 scrolls of identify {unknown}
 h - 2 scrolls of torment {unknown}
 j - a scroll of brand weapon {unknown}
 l - 2 scrolls of vulnerability {unknown}
 p - a scroll of poison {unknown}
 q - 2 scrolls of fear {unknown}
Potions
 b - a potion of magic
 e - 3 potions of mutation {unknown}
 f - 4 potions of berserk rage {unknown}
 i - 2 potions of lignification {unknown}
 k - 2 potions of heal wounds {unknown}
 m - 6 potions of curing {unknown}
 A - a potion of brilliance {unknown}


   Skills:
 + Level 4.2 Fighting
 + Level 5.6 Dodging
 - Level 4.1 Stealth
 + Level 5.6 Spellcasting
 + Level 7.7 Necromancy


You had 11 spell levels left.
You knew the following spells:

 Your Spells              Type           Power      Damage    Failure   Level
a - Necrotise             Necr           100%       1d9       1%          1
b - Vampiric Draining     Necr           36%        2d8       1%          3
c - Animate Dead          Necr           36%        N/A       4%          4

Your spell library contained the following spells:

 Spells                   Type           Power      Damage    Failure   Level
 Curse of Agony           Necr           36%        N/A       12%         5
 Call Canine Familiar     Summ           5%         N/A       32%         3
 Sigil of Binding         Hex            5%         N/A       32%         3
 Summon Ice Beast         Ice/Summ       5%         N/A       32%         3
 Dimensional Bullseye     Hex/Tloc       2%         N/A       73%         4
 Summon Mana Viper        Hex/Summ       5%         N/A       97%         5
 Monstrous Menagerie      Summ           2%         N/A       100%        7


Dungeon Overview and Level Annotations

Branches:
Dungeon (8/15)             Temple (1/1) D:6
   Lair: D:8-11

Altars:
Ashenzari
Cheibriados
Dithmenos
Fedhas
Gozag
Kikubaaqudgha
Makhleb
Nemelex Xobeh
Okawaru
Qazlal
Ru
Trog
Uskayaw
Vehumet
Wu Jian
Xom
Yredelemnul

Shops:
D:7 *


Innate Abilities, Weirdness & Mutations

You have large cloven feet.
You have a pair of small horns on your head.
You regenerate magic rapidly.
A meltable shield of frost defends you. (SH +0)
Your touch may inflict minor irresistible damage on your foes.


Message History

Unknown command.
Unknown command.
Unknown command.
There is a stone staircase leading down here.
This spell is dangerous to cast!
You start memorising the spell.
You continue memorising. x4
You finish memorising.
Spell assigned to 'c'.
You climb downwards.
Found 3 stones, 10 gold pieces and a smoky silvery potion.
Found an escape hatch in the floor.
Found a stone staircase leading up.
There is a stone staircase leading up here.
Casting: Necrotise (safe; 1% risk of failure)
Confirm with . or Enter, or press ? or * to list all spells.
Aiming: Necrotise (safe; 1% risk of failure)
Press: ? - help, Shift-Dir - straight line, f - acid dragon
Aim: an acid dragon (asleep, chance to affect: 83%)
The acid dragon roars!
The acid dragon barely resists.
The acid dragon spits acid at you. The splash of acid hits you!!
You hear a shout!
Casting: Necrotise (safe; 1% risk of failure)
Confirm with . or Enter, or press ? or * to list all spells.
Aiming: Necrotise (safe; 1% risk of failure)
Press: ? - help, Shift-Dir - straight line, f/p - acid dragon
Aim: an acid dragon (catching its breath, chance to affect: 83%)
The acid dragon writhes in agony.
The acid dragon bites you. The acid dragon closely misses you.
The steam dragon breathes steam at you. The ball of steam hits you!
Your condensation shield dissipates!
You hear a bellow! x2; You hear a loud, deep croak!
You hear a shout! x4
You are engulfed in a cloud of scalding steam.
* * * LOW HITPOINT WARNING * * *
There is a stone staircase leading up here.
You are engulfed in a cloud of scalding steam.
* * * LOW HITPOINT WARNING * * *
The acid dragon completely misses you. The acid dragon claws you.
You die...
Kikubaaqudgha rasps: "You have failed me!
Welcome... death!"

.#.......
.........
#$!......
#........
#........
#........
#.§..<...
#§D......
#@.#.....
.....§§§.......
....§.........#
.(..§.§>#.#....
...D..#.###....
......#.# ..#
......... ##
.........


You could see an acid dragon (catching breath).

Vanquished Creatures
  4 yaks (D:7)
  An orc warrior (D:7)
  2 ogres
  2 phantoms
  3 bullfrogs (D:7)
  2 scorpions
  A howler monkey (D:5)
  A bombardier beetle (D:5)
  4 orc priests
  A jelly (D:5)
  Jessica (D:2)
  2 iguanas (D:7)
  4 orc wizards
  Robin (D:2)
  4 gnolls (D:2)
  7 adders
  4 ufetubi (D:5)
  3 dart slugs
  A ribbon worm (D:2)
  22 orcs
  5 ball pythons
  9 endoplasms
  2 giant cockroaches
  11 goblins
  5 hobgoblins
  6 kobolds
  3 quokkas
  A bat (D:3)
  3 frilled lizards
  3 rats
  A butterfly (D:1)
119 creatures vanquished.

Vanquished Creatures (collateral kills)
  A hound (D:3)
  A dart slug (D:1)
  An orc (D:6)
  An endoplasm (D:2)
  A jackal (D:1)
5 creatures vanquished.

Grand Total: 124 creatures vanquished

Notes
Turn   | Place    | Note
-------+----------+-------------------------------------------
     0 | D:1      | PaiMei the Demonspawn Necromancer began the quest for the
                  | Orb.
     0 | D:1      | Reached XP level 1. HP: 13/13 MP: 3/3
   124 | D:1      | Gained mutation: You regenerate magic rapidly. [demonic
                  | ancestry]
   124 | D:1      | Reached XP level 2. HP: 15/19 MP: 0/5
   704 | D:1      | Discovered your monstrous ancestry.
   704 | D:1      | Gained mutation: Your touch may inflict minor irresistible
                  | damage on your foes. [demonic ancestry]
   704 | D:1      | Reached XP level 3. HP: 24/24 MP: 3/6
  1253 | D:2      | Noticed Jessica
  1269 | D:2      | Killed Jessica
  1283 | D:2      | Reached XP level 4. HP: 22/30 MP: 4/7
  1448 | D:2      | Reached skill level 5 in Necromancy
  1596 | D:2      | Noticed Robin
  1612 | D:2      | Killed Robin
  1696 | D:2      | Found a faded altar of an unknown god.
  1893 | D:3      | Reached XP level 5. HP: 35/35 MP: 7/9
  2628 | D:3      | Reached XP level 6. HP: 40/41 MP: 3/11
  2721 | D:3      | Found a hide-covered altar of Uskayaw.
  2723 | D:3      | You fall into a shaft and drop 2 floors!
  2723 | D:5      | Entered Level 5 of the Dungeon
  2723 | D:5      | Found a blossoming altar of Fedhas.
  3163 | D:5      | Learned a level 3 spell: Vampiric Draining
  3323 | D:5      | Reached skill level 6 in Necromancy
  3323 | D:5      | Gained mutation: A meltable shield of frost defends you.
                  | (SH +0) [demonic ancestry]
  3323 | D:5      | Reached XP level 7. HP: 46/46 MP: 5/12
  3766 | D:5      | Reached skill level 1 in Fighting
  3781 | D:5      | Found a stormy altar of Qazlal.
  4410 | D:6      | Found a staircase to the Ecumenical Temple.
  4419 | Temple   | Entered the Ecumenical Temple
  4434 | Temple   | Became a worshipper of Kikubaaqudgha
  5366 | D:6      | Gained mutation: You have a pair of small horns on your
                  | head. [demonic ancestry]
  5366 | D:6      | Reached XP level 8. HP: 55/56 MP: 2/14
  5561 | D:7      | Found Iliy's Assorted Antiques.
  5901 | D:7      | Reached skill level 5 in Spellcasting
  5901 | D:7      | Reached skill level 7 in Necromancy
  6009 | D:7      | Reached skill level 5 in Dodging
  6245 | D:7      | Gained mutation: You have large cloven feet. [demonic
                  | ancestry]
  6245 | D:7      | Reached XP level 9. HP: 36/65 MP: 1/17
  6388 | D:7      | Found a broken altar of Ashenzari.
  6479 | D:7      | Learned a level 4 spell: Animate Dead
  6485 | D:8      | Slain by an acid dragon

Illustrated notes

Levels and vault maps discovered:
D:1:      spicycebolla_arrival_clurvy, layout_basic, st_stairs_11
D:2:      layout_rooms, shapermc_ecumenical_altar_flowoftime, uniq_jessica,
          uniq_robin
D:3:      layout_basic, nicolae_uskayaw_suspiria
D:5:      layout_basic, amcnicky_altar_gilded, nicolae_overflow_hidden_temple,
          mainiacjoe_overflow_paths, minmay_misc_feat_iff
D:6:      layout_basic, minmay_temple_entry_nine_rooms, lemuel_flame_loot_1
D:7:      layout_rooms, marbit_many_paths, serial_shops, shop,
          chequers_hall_statues_corner_a
D:8:      layout_cave_pools, dpeg_lair_monsters
Temple:   jpeg_temple_clearing

Skill      XL: |  1  2  3  4  5  6  7  8 |
---------------+-------------------------+-----
Stealth        | 2 3 4 |  4.1
Dodging        | 2 3 4 5 |  5.6
Necromancy     | 5 6 7 |  7.7
Spellcasting   | 3 4 5 |  5.6
Fighting       | 2 4 |  4.2

Action                     |  1- 3 |  4- 6 |  7- 9 || total
---------------------------+-------+-------+-------++-------
  Melee: Mace              |    11 |       |       ||    11
         Punch             |     1 |       |     1 ||     2
         Spear             |     7 |    23 |    42 ||    72
         Touch             |       |     5 |     7 ||    12
         Headbutt          |       |       |     7 ||     7
   Cast: Necrotise         |    56 |   129 |    73 ||   258
         Vampiric Draining |       |     3 |    32 ||    35
 Armour: Robe              |    18 |    55 |    63 ||   136
  Dodge: Dodged            |    11 |    68 |    43 ||   122
  Block: Other             |       |       |     9 ||     9
